 Dungeon Crawl Stone Soup version 0.27.1-35-g4d5d836560 (webtiles) character file.

Game seed: 11604115768335693062

22 Delamore the Sneak (level 2, 0/19 HPs)
             Began as an Octopode Brigand on Apr 29, 2022.
             Slain by an orc (5 damage)
             ... on level 2 of the Dungeon.
             The game lasted 00:00:41 (998 turns).

Delamore the Sneak (Octopode Brigand)                Turns: 998, Time: 00:00:41

Health: 0/19       AC:  1    Str: 10    XL:     2   Next: 91%
Magic:  2/2        EV: 12    Int: 13    God:
Gold:   31         SH:  0    Dex: 13    Spells: 1/1 levels left

rFire    . . .     SeeInvis .   a - +2 dagger
rCold    . . .     Faith    .   (no shield)
rNeg     . . .     Spirit   .   (helmet restricted)
rPois    .         Reflect  .   (no amulet)
rElec    .         Harm     .   (no ring)
rCorr    .         Rampage  .   (no ring)
Will     .....                  (no ring)
Stlth    ++........             (no ring)
HPRegen  0.06/turn              (no ring)
MPRegen  0.08/turn              (no ring)
                                (no ring)
                                (no ring)

@: confused
A: almost no armour, amphibious, 8 rings, camouflage 1, gelatinous body 1,
(nimble swimmer 1), tentacles
a: no special abilities


You were on level 2 of the Dungeon.
You visited 1 branch of the dungeon, and saw 2 of its levels.

You collected 31 gold pieces.

Inventory:

Hand Weapons
 a - a +2 dagger (weapon)
Missiles
 b - 8 poisoned darts
 c - 2 curare-tipped darts (quivered)
Scrolls
 d - a scroll of immolation {unknown}
Potions
 e - a potion of curing {unknown}
 f - a potion of degeneration {unknown}
 g - a potion of might {unknown}


   Skills:
 - Level 2.0 Fighting
 * Level 2.9 Short Blades
 - Level 2.0 Throwing
 - Level 1.0 Dodging
 + Level 5.7 Stealth


You had one spell level left.
You didn't know any spells.
Your spell library contained the following spells:

 Spells                   Type           Power      Damage    Failure   Level
 Magic Dart               Conj           0%         1d3       30%         1
 Searing Ray              Conj           0%         3d3       43%         2
 Fulminant Prism          Conj/Hex       0%         3d6       97%         4


Dungeon Overview and Level Annotations

Branches:
Dungeon (2/15)

Altars:


Innate Abilities, Weirdness & Mutations

You cannot wear most types of armour.
You are amphibious.
You can wear up to eight rings at the same time.
Your skin changes colour to match your surroundings (Stealth+).
Your rubbery body absorbs attacks. (AC +1, EV +1)
((You are camouflaged near water. (Stealth+)))
You have tentacles for arms and can constrict up to eight enemies at once.


Message History

2 orcs and 2 orc wizards come into view.
There are monsters nearby!
There are monsters nearby!
The orc shouts! x2; The orc wizard shouts!
The orc wizard hits you with a +0 dagger.
You barely miss the orc wizard.
The orc wizard shouts!
Your grab misses the orc wizard. Your squeeze misses the orc wizard.
You hit the orc wizard. Your grab misses the orc wizard.
The orc wizard is lightly wounded.
You barely miss the orc wizard. You grab the orc wizard.
The orc wizard is lightly wounded.
You constrict the orc wizard, but do no damage.
The orc wizard hits you with a +0 dagger.
The orc hits you from afar with a +0 trident.
You hit the orc wizard but do no damage.
The orc wizard is lightly wounded.
You constrict the orc wizard.
The orc wizard gestures at you while chanting.
You resist with significant effort.
The orc hits you from afar with a +0 trident.
You hit the orc wizard but do no damage.
The orc wizard is moderately wounded.
You constrict the orc wizard.
The orc wizard gestures wildly while chanting.
The orc wizard flickers and vanishes!
Deactivating autopickup; reactivate with Ctrl-A.
The orc wizard points at you and mumbles some strange words.
You resist with significant effort. The orc barely misses you. x2
You release your grip on the orc wizard.
The orc wizard points at you and mumbles some strange words.
You are confused.
Non-targeted confused throw: 2 darts (curare)
Press: ? - help, Q - select action, (/) - cycle Dir - look around, f - activate
Okay, then.
You bump into the rock wall.
The orc hits you with a +0 short sword.
* * * LOW HITPOINT WARNING * * *
You bump into the rock wall.
The orc barely misses you.
You hit the orc but do no damage. The orc hits you with a +0 short sword.
You die...

##.....## ##... ##...##
#.## ##+# #.# #.# #.#
#.## #.# # ##..## #.#
##.### ##....## #.#
......####......# #.#
#.....oo@......# #.#
####..o###.#.#.#######.#
#:...o##.# #.........#
.........##.###†#########
###...⌠..##.....#
##.....###.#### #.....#
#.# #..#### #.# ... #.#


You could see an orc wizard and 2 orcs.

Vanquished Creatures
  A worm (D:2)
  2 goblins (D:1)
  A hobgoblin (D:2)
  2 kobolds (D:1)
  2 quokkas (D:1)
  4 ball pythons (D:1)
  5 bats
  A frilled lizard (D:1)
  A rat (D:2)
19 creatures vanquished.

Notes
Turn   | Place    | Note
-------+----------+-------------------------------------------
     0 | D:1      | Delamore the Octopode Brigand began the quest for the Orb.
     0 | D:1      | Reached XP level 1. HP: 14/14 MP: 1/1
   255 | D:1      | Reached XP level 2. HP: 19/19 MP: 2/2
   998 | D:2      | Slain by an orc

Illustrated notes

Levels and vault maps discovered:
D:1:      co_arrival_random_square_maze, layout_basic
D:2:      cheibrodos_fertilizer, layout_loops_corners, solitary_fountain,
          hangedman_feature_mirror

Action                   || total
-------------------------++-------
Melee: Dagger            ||    34
       Constrict         ||    11
       Tentacles         ||     3
 Stab: Sleeping          ||     8
Armor: Skin              ||     2
Dodge: Dodged            ||    22
